 Dungeon Sprint DCSS version 0.20-a0-1124-g2e29d97 (webtiles) character file.

2609 potatolord6000 the Warrior (level 9, 0/118 HPs)
             Began as an Ogre Fighter on May 16, 2017.
             Was an Initiate of Gozag.
             Slain by a blink frog (15 damage)
             ... in the Dungeon (Sprint IX: "|||||||||||||||||||||||||||||").
             The game lasted 00:02:46 (1071 turns).

potatolord6000 the Warrior (Ogre Fighter)           Turns: 1071, Time: 00:02:47

Health: 0/118      AC:  6    Str: 25    XL:     9   Next: 59%
Magic:  9/9        EV: 15    Int:  9    God:    Gozag
Gold:   303        SH:  0    Dex: 11    Spells: 8/8 levels left

rFire    . . .     SeeInvis .   n - +7 lajatang of Order {silver, rMut}
rCold    . . .     Gourm    .   (shield currently unavailable)
rNeg     . . .     Faith    .   b - +0 robe
rPois    .         Spirit   .   (helmet restricted)
rElec    .         Reflect  .   a - +0 cloak
rCorr    .         Harm     .   (gloves unavailable)
rMut     +         NoTele   +   (boots unavailable)
MR       .....                  (no amulet)
Stlth    +.........             m - +3 ring of dexterity
Regen    0.3/turn               o - +2 ring of protection
MPRegen  0.2/turn

@: gold aura
A: unfitting armour, tough skin 1
a: Potion Petition, Call Merchant, Bribe Branch, Renounce Religion


You were in the Dungeon.
You worshipped Gozag.
Gozag was aware of your devotion.
You were not hungry.

You visited 1 branch You collected 1046 gold pieces.
You paid 743 gold pieces to Gozag.

Inventory:

Hand Weapons
 n - the +7 lajatang of Order (weapon) {silver, rMut}
   (You found it in the Dungeon)

   It protects you from mutation.
Armour
 a - a +0 cloak (worn)
 b - a +0 robe (worn)
Jewellery
 m - a +3 ring of dexterity (left hand)
 o - a +2 ring of protection (right hand)
Scrolls
 g - 3 scrolls of remove curse
 k - 3 scrolls of blinking
 l - 2 scrolls of amnesia
 p - a scroll of fear
 q - 6 scrolls of enchant armour
Potions
 c - a potion of invisibility
 d - 2 potions of heal wounds
 e - 5 potions of curing
 f - 2 potions of might
 h - a potion of haste
 i - 4 potions of magic
 j - a potion of berserk rage


   Skills:
 + Level 15.8 Fighting
   Level 7.4(9.9) Polearms
 + Level 10.3(11.2) Staves
 + Level 11.7 Dodging
   Level 2.6 Shields


You had 8 spell levels left.
You didn't know any spells.

Dungeon Overview and Level Annotations

Branches:
Dungeon (1/1)

Altars:
Cheibriados
Dithmenos
Elyvilon
Fedhas
Gozag
Hepliaklqana
Kikubaaqudgha
Makhleb
Nemelex Xobeh
Okawaru
Qazlal
Ru
Sif Muna
Trog
Uskayaw
Vehumet
Wu Jian
Xom
Yredelemnul
Zin
The Shining One
Beogh
Jiyva
Lugonu

Shops:
D *


Innate Abilities, Weirdness & Mutations

You are too large for most types of armour.
You have tough skin. (AC +1)


Message History

The blink frog blinks!
You turn to flesh and can move again.
You slice the wolf!!
You kill the wolf!
Your base Staves skill increases to level 10!
The porcupine twitches its whiskers.
You are struck by the porcupine's spines.
* * * LOW HITPOINT WARNING * * *
You slice the porcupine!!
You kill the porcupine!
You slice the crocodile!!
You kill the crocodile!
The blink frog is distracted by the nearby gold.
You see here 324 gold pieces.
You barely miss the blink frog.
The blink frog is no longer distracted by gold.
The blink frog hits you but does no damage.
The blink frog hits you!
You die...
Your body crumbles into a pile of gold.

▓▓▓▓▓▓▓▓▓▓▓▓▓▓▓▓▓▓▓▓▓▓▓▓▓▓▓▓▓▓▓▓▓
...).....'_______________________
▓▓▓▓▓▓▓▓▓▓▓▓▓▓▓▓▓▓▓▓▓▓▓▓▓▓▓▓▓▓▓▓▓
......)..........................
▓▓▓▓▓▓▓▓▓▓▓▓▓▓▓▓▓▓▓▓▓▓▓▓▓▓▓▓▓▓▓▓▓
'.....()......$.@F......
▓▓▓▓▓▓▓▓▓▓▓▓▓▓▓▓▓▓▓▓▓▓▓▓


$$$$$$$$$$$$$ $$$$$$$$$$$$ You could see a blink frog.

Vanquished Creatures
  A deep elf mage (D)
  A spiny frog (D)
  A komodo dragon (D)
  A basilisk (D)
  A wyvern (D)
  Grum (D)
  2 porcupines (D)
  A phantom (D)
  5 wolves (D)
  2 centaurs (D)
  A crocodile (D)
  2 scorpions (D)
  A killer bee (D)
  A howler monkey (D)
  2 hounds (D)
  3 worker ants (D)
  A shadow imp (D)
  An adder skeleton (D)
  A leopard gecko (D)
  A giant cockroach (D)
  2 kobolds (D)
  2 rats (D)
34 creatures vanquished.

Notes
Turn   | Place    | Note
-------+----------+-------------------------------------------
     0 | D        | potatolord6000 the Ogre Fighter began the quest for the Orb.
     0 | D        | Reached XP level 1. HP: 24/24 MP: 1/1
    86 | D        | Noticed a hound
    86 | D        | Noticed a howler monkey
    86 | D        | Noticed a phantom
    86 | D        | Noticed a worker ant
    86 | D        | Noticed a centaur
    92 | D        | Killed a hound
    92 | D        | Reached skill level 6 in Fighting
    92 | D        | Reached XP level 2. HP: 7/36 MP: 2/2
    92 | D        | Reached XP level 3. HP: 9/44 MP: 3/3
    96 | D        | Reached skill level 7 in Fighting
    96 | D        | Reached skill level 5 in Dodging
    96 | D        | Reached XP level 4. HP: 35/55 MP: 4/4
   101 | D        | Reached skill level 5 in Polearms
   103 | D        | Killed a centaur
   103 | D        | Reached skill level 9 in Fighting
   103 | D        | Reached XP level 5. HP: 20/67 MP: 5/5
   112 | D        | Killed a phantom
   112 | D        | Reached skill level 10 in Fighting
   112 | D        | Reached XP level 6. HP: 8/78 MP: 6/6
   120 | D        | Found a roughly hewn altar of Beogh.
   120 | D        | Found a snail-covered altar of Cheibriados.
   120 | D        | Found a shadowy altar of Dithmenos.
   120 | D        | Found a white marble altar of Elyvilon.
   120 | D        | Found a blossoming altar of Fedhas.
   120 | D        | Found an opulent altar of Gozag.
   121 | D        | Found a hazy altar of Hepliaklqana.
   122 | D        | Found a viscous altar of Jiyva.
   123 | D        | Found an ancient bone altar of Kikubaaqudgha.
   124 | D        | Found a corrupted altar of Lugonu.
   125 | D        | Found a burning altar of Makhleb.
   126 | D        | Found a sparkling altar of Nemelex Xobeh.
   127 | D        | Found an iron altar of Okawaru.
   128 | D        | Became a worshipper of Gozag Ym Sagoz the Greedy
   129 | D        | Found a stormy altar of Qazlal.
   130 | D        | Found a sacrificial altar of Ru.
   131 | D        | Found a deep blue altar of Sif Muna.
   132 | D        | Found a bloodstained altar of Trog.
   133 | D        | Found a hide-covered altar of Uskayaw.
   134 | D        | Found a radiant altar of Vehumet.
   135 | D        | Found an ornate altar of the Wu Jian Council.
   136 | D        | Found a shimmering altar of Xom.
   137 | D        | Found a basalt altar of Yredelemnul.
   138 | D        | Found a glowing silver altar of Zin.
   139 | D        | Found a glowing golden altar of the Shining One.
   419 | D        | Reached skill level 1 in Staves
   434 | D        | Reached skill level 11 in Fighting
   453 | D        | Noticed a wyvern
   453 | D        | Noticed a deep elf mage
   460 | D        | Reached XP level 7. HP: 33/88 MP: 7/7
   467 | D        | Reached skill level 12 in Fighting
   467 | D        | Reached skill level 5 in Staves
   473 | D        | HP: 3/91 [wyvern (9)]
   474 | D        | HP: 1/91 [wyvern (2)]
   475 | D        | Killed a wyvern
   483 | D        | Killed a deep elf mage
   483 | D        | Reached skill level 13 in Fighting
   483 | D        | Reached XP level 8. HP: 19/102 MP: 8/8
   851 | D        | Reached skill level 10 in Dodging
   856 | D        | Reached skill level 14 in Fighting
   936 | D        | Noticed Grum
   942 | D        | Killed Grum
  1033 | D        | Noticed a komodo dragon
  1033 | D        | Noticed a spiny frog
  1041 | D        | Killed a komodo dragon
  1041 | D        | Reached XP level 9. HP: 40/114 MP: 9/9
  1047 | D        | Killed a spiny frog
  1047 | D        | Reached skill level 15 in Fighting
  1067 | D        | Reached skill level 10 in Staves
  1071 | D        | Slain by a blink frog

Vault maps used:
D:        linesprint

Skill      XL: |  1  2  3  4  5  6  7  8  9 |
---------------+----------------------------+-----
Dodging        | 4 5 6 7 8 9 10 11 | 11.7
Fighting       | 6 7 9 10 11 13 14 15 | 15.8
Polearms       | 4 6 7 |  7.4
Staves         | 4 7 9 10 | 10.3
Shields        | |  2.6

Action                   |  1- 3 |  4- 6 |  7- 9 || total
-------------------------+-------+-------+-------++-------
Melee: Trident           |    23 |    13 |       ||    36
       Lajatang          |       |    29 |    49 ||    78
Invok: Call Merchant     |       |       |     1 ||     1
  Use: Potion            |     2 |       |     6 ||     8
  Eat: Bread ration      |       |       |     1 ||     1
Armor: Robe              |     6 |    12 |    10 ||    28
Dodge: Dodged            |     8 |    19 |    25 ||    52
